 Dungeon Crawl Stone Soup version 0.29.0-4-gdea44cf6ec (webtiles) character file.

Game seed: 10624274980270282923

161 qw the Chopper (level 5, -2/30 HPs)
             Began as a Tengu Warper on Aug 28, 2022.
             Slain by Crazy Yiuf
             ... wielding a +4 quarterstaff of chaos
              (10 damage)
             ... on level 2 of the Dungeon.
             The game lasted 00:00:15 (2405 turns).

qw the Chopper (Tengu Warper)                       Turns: 2405, Time: 00:00:15

Health: -2/30      AC:  8    Str: 14    XL:     5   Next: 42%
Magic:  7/9        EV:  7    Int: 13    God:
Gold:   80         SH:  0    Dex: 13    Spells: 8/8 levels left

rFire   . . .      SeeInvis .   Y - +0 hand axe
rCold   . . .      Faith    .   (no shield)
rNeg    . . .      Spirit   .   l - +0 chain mail
rPois   .          Reflect  .   (helmet restricted)
rElec   .          Harm     .   (no cloak)
rCorr   .          Rampage  .   (no gloves)
Will    .....                   (boots unavailable)
Stlth   ..........              (no amulet)
HPRegen 0.10/turn               (no ring)
MPRegen 0.11/turn               (no ring)

@: flying quickly and evasively, quick
A: beak, talons 3, nimble flight
a: no special abilities


You were on level 2 of the Dungeon.
You visited 1 branch of the dungeon, and saw 2 of its levels.

You collected 80 gold pieces.


Innate Abilities, Weirdness & Mutations

You have a beak for a mouth.
You have claws for feet.
Your magical nature lets you fly swiftly and evasively.


   Skills:
 - Level 2.0 Fighting
 - Level 6.0 Axes
 - Level 1.0 Throwing
 + Level 1.1 Armour
 - Level 2.1 Dodging
 - Level 2.0 Spellcasting
 - Level 2.4 Translocations


You had 8 spell levels left.
You didn't know any spells.
Your spell library contained the following spells:

 Spells                   Type           Power      Damage    Failure   Level
 Blink                    Tloc           14%        N/A       99%         2
 Gell's Gravitas          Tloc           7%         N/A       100%        3
 Lesser Beckoning         Tloc           7%         N/A       100%        3
 Teleport Other           Tloc           7%         N/A       100%        3
 Manifold Assault         Tloc           7%         N/A       100%        5

Inventory:

Hand Weapons
 j - a +0 whip
 Y - a +0 hand axe (weapon)
Armour
 l - a +0 chain mail (worn)
Scrolls
 b - a scroll of identify
Potions
 a - a potion of ambrosia {unknown}
 d - a potion of curing {unknown}
 f - a potion of haste {unknown}
 g - a potion of mutation {unknown}
 h - a potion of resistance
 m - a potion of heal wounds

Dungeon Overview and Level Annotations

Branches:
Dungeon (2/15)

Altars:

Annotations:
D:2 Crazy Yiuf


Message History

Crazy Yiuf says, "Ghoul koolooloo snail!"
Crazy Yiuf whimpers, "Cards King broken!"
Crazy Yiuf laughs, "Flower sow seventy!"
Done waiting.
Could not explore, unopened runed door.
2397 ||| READING scroll labelled VOUNO LODYKHLE.
The air fills with toxic fumes!
As you read the scroll labelled VOUNO LODYKHLE, it crumbles to dust.
It was a scroll of poison.
Could not explore, unopened runed door.
(D) Dungeon
Where to? (* - list waypoints, Enter - D:2, ? - help)
What level of the Dungeon? (default 1, ? - help) Sorry, I don't know how to get there.
Could not explore, unopened runed door.
2398 ||| Stepping randomly (stuck).
You reach down and open the door.
You hit Crazy Yiuf. You claw Crazy Yiuf.
Crazy Yiuf is lightly wounded.
Crazy Yiuf hits you with a +4 quarterstaff of chaos!
You hit Crazy Yiuf.
Crazy Yiuf is moderately wounded.
Crazy Yiuf hits you but does no damage.
You hit Crazy Yiuf. Your kick misses Crazy Yiuf.
Crazy Yiuf is heavily wounded.
Crazy Yiuf closely misses you.
You closely miss Crazy Yiuf. Your peck misses Crazy Yiuf.
Crazy Yiuf is heavily wounded.
Crazy Yiuf hits you with a +4 quarterstaff of chaos!
You hit Crazy Yiuf. You claw Crazy Yiuf. You peck Crazy Yiuf.
Crazy Yiuf is almost dead.
Crazy Yiuf hits you with a +4 quarterstaff of chaos.
You feel your power leaking away.
You completely miss Crazy Yiuf.
Crazy Yiuf is almost dead.
Crazy Yiuf hits you with a +4 quarterstaff of chaos.
You feel your power leaking away.
You hit Crazy Yiuf.
Crazy Yiuf is almost dead.
Crazy Yiuf hits you with a +4 quarterstaff of chaos!
You die... #.##.....###....####.....# #.##.....# #....# #.....# #.##.....# 7....7 #..%..# ###.##.....# 7...77 #.....# )...##)....# 77.77 #.....# )##........# 7¤77 ####.## ######.....# 77¤7 #.# .#.#.#.....# 7¤77 #.# ..#.##.....# 77@7

#.# #..#.#.....# #g#
#.# ##..##..(..# ...
#.# .##..###'###
#...# #.# ..##.# #.#
#..)# #.# .##..# #.#
##### #.#######
##..## #.# #........
#%.#.# #.#
#####################
..#)## #.#
#....................


You could see Crazy Yiuf.

Vanquished Creatures
  Jessica (D:2)
  Natasha (twice) (D:2)
  2 adders (D:2)
  2 worms (D:2)
  4 bats
  6 endoplasms
  2 giant cockroaches
  10 goblins
  5 hobgoblins
  8 jackals (D:2)
  A quokka (D:1)
  4 ball pythons
  2 frilled lizards (D:2)
  9 kobolds
  5 rats
63 creatures vanquished.

Notes
Turn   | Place    | Note
-------+----------+-------------------------------------------
     0 | D:1      | qw the Tengu Warper began the quest for the Orb.
     0 | D:1      | Reached XP level 1. HP: 12/12 MP: 4/4
     0 | D:1      | 0 ||| qw: Version: 0.1-a-89-g26bdef1
     0 | D:1      | 0 ||| qw: Game counter: 1192
     0 | D:1      | 0 ||| qw: Always use a shield: true
     0 | D:1      | 0 ||| qw: God list: Okawaru
     0 | D:1      | 0 ||| qw: Allow faded altars: false
     0 | D:1      | 0 ||| qw: Do Orc after D:15 true
     0 | D:1      | 0 ||| qw: Do second Lair branch before Depths: true
     0 | D:1      | 0 ||| qw: Lair rune preference: random
     0 | D:1      | 0 ||| qw: Plans: Normal
     0 | D:1      | 0 ||| PLANNING D:1-11
   105 | D:1      | Reached XP level 2. HP: 16/17 MP: 6/6
   111 | D:1      | Reached skill level 3 in Axes
   216 | D:1      | 216 ||| Stepping ~*~*~tactically~*~*~ (stealth).
   417 | D:1      | 417 ||| Stepping ~*~*~tactically~*~*~ (stealth).
   418 | D:1      | 418 ||| Stepping ~*~*~tactically~*~*~ (stealth).
   423 | D:1      | 423 ||| Stepping ~*~*~tactically~*~*~ (stealth).
   579 | D:1      | Reached XP level 3. HP: 21/21 MP: 7/7
   866 | D:1      | 866 ||| UPGRADING to +0 chain mail.
   876 | D:1      | 876 ||| DROPPING +0 leather armour.
   877 | D:1      | 877 ||| READING scroll labelled CEEMNE FULEA.
   880 | D:1      | 880 ||| READING scroll labelled WEXATESTRUM.
   881 | D:1      | 881 ||| READING scroll labelled BICOFO DAZOY.
   882 | D:1      | 882 ||| READING scroll labelled DYEFIO CUGITT.
   883 | D:1      | 883 ||| DRINKING 2 blue potions.
   884 | D:1      | 884 ||| DROPPING scroll of blinking.
   900 | D:2      | Noticed Jessica
   903 | D:2      | Reached skill level 4 in Axes
   912 | D:2      | Killed Jessica
   913 | D:2      | Reached XP level 4. HP: 19/26 MP: 8/8
  1117 | D:2      | 1117 ||| Stepping ~*~*~tactically~*~*~ (stealth).
  1173 | D:2      | 1173 ||| FLEEEEING.
  1174 | D:2      | 1174 ||| FLEEEEING.
  1175 | D:2      | 1175 ||| FLEEEEING.
  1177 | D:2      | 1177 ||| FLEEEEING.
  1179 | D:2      | 1179 ||| FLEEEEING.
  1180 | D:2      | 1180 ||| FLEEEEING.
  1181 | D:2      | 1181 ||| FLEEEEING.
  1182 | D:2      | 1182 ||| FLEEEEING.
  1183 | D:2      | 1183 ||| FLEEEEING.
  1184 | D:2      | 1184 ||| FLEEEEING.
  1185 | D:2      | 1185 ||| FLEEEEING.
  1188 | D:2      | 1188 ||| FLEEEEING.
  1189 | D:2      | 1189 ||| FLEEEEING.
  1190 | D:2      | 1190 ||| FLEEEEING.
  1191 | D:2      | 1191 ||| FLEEEEING.
  1192 | D:2      | 1192 ||| FLEEEEING.
  1193 | D:2      | 1193 ||| FLEEEEING.
  1194 | D:2      | 1194 ||| FLEEEEING.
  1197 | D:2      | 1197 ||| STAIRDANCE
  1238 | D:2      | Reached skill level 5 in Axes
  1312 | D:2      | Noticed Natasha
  1318 | D:2      | Killed Natasha
  1434 | D:2      | 1434 ||| FLEEEEING.
  1435 | D:2      | 1435 ||| FLEEEEING.
  1436 | D:2      | 1436 ||| FLEEEEING.
  1437 | D:2      | 1437 ||| FLEEEEING.
  1438 | D:2      | 1438 ||| FLEEEEING.
  1439 | D:2      | 1439 ||| FLEEEEING.
  1440 | D:2      | 1440 ||| FLEEEEING.
  1441 | D:2      | 1441 ||| FLEEEEING.
  1442 | D:2      | 1442 ||| FLEEEEING.
  1443 | D:2      | 1443 ||| FLEEEEING.
  1444 | D:2      | 1444 ||| FLEEEEING.
  1450 | D:2      | 1450 ||| FLEEEEING.
  1451 | D:2      | 1451 ||| FLEEEEING.
  1452 | D:2      | 1452 ||| FLEEEEING.
  1453 | D:2      | 1453 ||| FLEEEEING.
  1458 | D:2      | 1458 ||| FLEEEEING.
  1459 | D:2      | 1459 ||| FLEEEEING.
  1460 | D:2      | 1460 ||| FLEEEEING.
  1461 | D:2      | 1461 ||| FLEEEEING.
  1731 | D:2      | 1731 ||| DROPPING +0 club.
  1746 | D:2      | Gained mutation: Your magical nature lets you fly swiftly
                  | and evasively. [Tengu growth]
  1746 | D:2      | Reached XP level 5. HP: 27/30 MP: 9/9
  2240 | D:2      | Noticed Natasha
  2248 | D:2      | Killed Natasha
  2249 | D:2      | Reached skill level 6 in Axes
  2291 | D:2      | Found a runed translucent door.
  2292 | D:2      | Noticed Crazy Yiuf
  2295 | D:2      | 2295 ||| READING scroll labelled OHYRUT IWKOUCU.
  2296 | D:2      | 2296 ||| READING scroll labelled QIXKOM URUWOO.
  2397 | D:2      | 2397 ||| READING scroll labelled VOUNO LODYKHLE.
  2398 | D:2      | 2398 ||| Stepping randomly (stuck).
  2405 | D:2      | Slain by Crazy Yiuf

Levels and vault maps discovered:
D:1:      minmay_arrival_split_and_join, layout_basic
D:2:      minmay_diamond_boxcup, layout_basic, uniq_jessica, uniq_natasha,
          uniq_crazy_yiuf_cottage

Skill      XL: |  1  2  3  4  5 |
---------------+----------------+-----
Axes           | 3 4 5 6 |  6.0
Fighting       | |  2.0
Throwing       | |  1.0
Armour         | |  1.1
Dodging        | |  2.1
Spellcasting   | |  2.0
Translocations | |  2.4

Action                   |  1- 3 |  4- 6 || total
-------------------------+-------+-------++-------
Melee: Hand axe          |    62 |    69 ||   131
       Kick              |    13 |    17 ||    30
       Peck              |    10 |     8 ||    18
       Punch             |     1 |       ||     1
Throw: Boomerang         |     7 |       ||     7
  Use: Scroll            |     4 |     3 ||     7
       Potion            |     1 |       ||     1
Armor: Leather armour    |    11 |       ||    11
       Chain mail        |    21 |    37 ||    58
Dodge: Dodged            |    42 |    17 ||    59

Table legend:
 A = Non-vault XP
 B = Vault XP
 C = Vault XP percentage of total XP
 D = Non-vault monster count
 E = Vault monster count
 F = Vault count percentage of total count
                 A         B        C        D         E       F
            +---------+---------+-------+---------+---------+-------
      Total |     129 |     101 |  43.9 |      53 |      10 |  15.9
            +---------+---------+-------+---------+---------+-------
        D:1 |      38 |       0 |   0.0 |      25 |       0 |   0.0
        D:2 |      91 |     101 |  52.6 |      28 |      10 |  26.3
            +---------+---------+-------+---------+---------+-------
